 Dungeon Crawl Stone Soup version 0.21-a0-55-gb612c23 (webtiles) character file.

1928119 GordonOverkill the Axe Maniac (level 27, 273/273 HPs)
             Began as a Minotaur Chaos Knight on June 15, 2017.
             Escaped with the Orb
             ... and 3 runes!
             The game lasted 02:56:41 (57999 turns).

GordonOverkill the Axe Maniac (MiCK)               Turns: 57999, Time: 02:56:42

Health: 273/273    AC: 53    Str: 27      XL:     27
Magic:  26/26      EV: 20    Int: 11 (12) God:    Xom [......]
Gold:   6004       SH:  0    Dex: 13      Spells: 19/26 levels left

rFire    + + +     SeeInvis .   O - +9 executioner's axe of Resourcefulness {freeze, rC+ rN+ MR++ Stlth-}
rCold    + + .     Gourm    +   (shield currently unavailable)
rNeg     + + +     Faith    .   J - +10 gold dragon scales
rPois    +         Spirit   .   (helmet restricted)
rElec    +         Reflect  .   Y - +2 cloak {MR+}
rCorr    .         Harm     .   D - +4 pair of gloves "Giut" {rElec Str+5 Dex-2}
MR       +++++                  N - +2 pair of boots
Stlth    ..........             s - amulet "Byjesov" {Gourm rF++ rN++ Dex-3}
HPRegen  0.95/turn              W - ring of the Crown {+Fly Slay+4 Stlth+}
MPRegen  0.20/turn              Z - ring of the Mage {Wiz MR++ Int+3}

@: no status effects
A: retaliatory headbutt, horns 2, mutation resistance 1, sense surroundings 2,
regeneration 1, shaggy fur 2
0: Orb of Zot
}: 3/15 runes: decaying, serpentine, silver
a: Renounce Religion, Evoke Flight


You escaped.
You worshipped Xom.
You were a very special plaything of Xom.
You were not hungry.

You visited 9 branches of the dungeon, and saw 49 of its levels.
You visited the Abyss 1 time.
You also visited: Labyrinth, Trove and Ice Cave.

You collected 9473 gold pieces.
You spent 3469 gold pieces at shops.

Inventory:

Hand Weapons
 a - a +8 broad axe of flaming
 t - the +3 broad axe of Skirmishing {holy, rElec Str+3 Dex-2}
   (You bought it in a shop on level 3 of the Depths)

   It has been blessed by the Shining One to cause great damage to the undead
   and demons.
   It affects your strength (+3).
   It affects your dexterity (-2).
   It insulates you from electricity.
 O - the +9 executioner's axe of Resourcefulness (weapon) {freeze, rC+ rN+ MR++ Stlth-}
   (You acquired it on level 2 of the Vaults)

   It has been specially enchanted to freeze those struck by it, causing extra
   injury to most foes and up to half again as much damage against particularly
   susceptible opponents.
   It can also slow down cold-blooded creatures.
   It protects you from cold.
   It protects you from negative energy.
   It affects your resistance to hostile enchantments.
   It makes you less stealthy.
Missiles
 E - 11 throwing nets (quivered)
Armour
 D - the +4 pair of gloves "Giut" (worn) {rElec Str+5 Dex-2}
   (You found it on level 7 of the Dungeon)

   It affects your strength (+5).
   It affects your dexterity (-2).
   It insulates you from electricity.
 J - +10 gold dragon scales (worn)
 K - a +2 shield
 N - a +2 pair of boots (worn)
 Y - a +2 cloak of magic resistance (worn)
Jewellery
 s - the amulet "Byjesov" (around neck) {Gourm rF++ rN++ Dex-3}
   (You took it off a vault sentinel on level 4 of the Vaults)

   [amulet of the gourmand]

   It allows you to eat raw meat even when not hungry.
   It affects your dexterity (-3).
   It greatly protects you from fire.
   It greatly protects you from negative energy.
 w - an uncursed amulet of rage
 T - the ring "Oxoige" {rC+ EV+4}
   (You found it in a treasure trove)

   [ring of evasion]

   It affects your evasion (+4).
   It protects you from cold.
 W - the ring of the Crown (left hand) {+Fly Slay+4 Stlth+}
   (You found it in a treasure trove)

   [ring of slaying]

   It affects your accuracy and damage with ranged weapons and melee attacks
   (+4).
   It lets you fly.
   It makes you more stealthy.
 X - an uncursed amulet of regeneration
 Z - the ring of the Mage (right hand) {Wiz MR++ Int+3}
   (You found it on level 6 of the Lair of Beasts)

   [ring of wizardry]

   It improves your spell success rate.
   It affects your intelligence (+3).
   It affects your resistance to hostile enchantments.
Wands
 q - a wand of digging (0/24)
 y - a wand of acid (6/15)
 A - a wand of digging (13/24)
 L - a wand of paralysis (24/24)
Scrolls
 g - 28 scrolls of remove curse
 h - 2 scrolls of identify
 j - 4 scrolls of fog
 o - 3 scrolls of magic mapping
 p - 3 scrolls of fear
 x - 7 scrolls of amnesia
 z - 13 scrolls of blinking
 C - a scroll of summoning
 F - a scroll of holy word
 S - 16 scrolls of teleportation
 V - 8 scrolls of recharging
Potions
 b - 2 potions of cancellation
 d - 7 potions of mutation
 i - 9 potions of agility
 k - 3 potions of heal wounds
 l - 6 potions of flight
 r - 3 potions of resistance
 G - 14 potions of curing
 H - 10 potions of might
 R - 5 potions of lignification
Miscellaneous
 B - a lightning rod (4/4)
Comestibles
 c - 25 bread rations
 n - 31 meat rations
 Q - a fruit


   Skills:
 O Level 27 Fighting
 O Level 27 Axes
 O Level 27 Armour
 O Level 27 Dodging
 - Level 15.8 Shields
 + Level 5.4 Evocations


You had 19 spell levels left.
You knew the following spells:

 Your Spells              Type           Power        Failure   Level  Hunger
a - Blink                 Tloc           N/A          75%         2    ###....
b - Regeneration          Chrm/Necr      #.........   92%         3    ####...
c - Corona                Hex            #......      61%         1    ##.....
d - Apportation           Tloc           #.....       61%         1    ##.....


Dungeon Overview and Level Annotations

Branches:
Dungeon (15/15)            Temple (0/1) D:5            Lair (6/6) D:8
  Swamp (4/4) Lair:3        Snake (4/4) Lair:2          Orc (2/2) D:10
    Elf (3/3) Orc:2        Vaults (5/5) D:13          Crypt (0/3) Vaults:3
 Depths (5/5) D:15            Zot (5/5) Depths:5
  Slime: Lair:5-6

Altars:
Ashenzari
Cheibriados
Dithmenos
Elyvilon
Gozag
Kikubaaqudgha
Okawaru
Ru
Sif Muna
Trog
Uskayaw
Vehumet
Xom

Shops:
D:7 [   D:10 }   Orc:2 :(**=   Elf:1 (   Snake:3 [((   Snake:4 ?%([
Vaults:3 *   Vaults:5 :   Depths:1 }=}   Depths:3 ((**

Portals:
Hell: Depths:1 Depths:2 Depths:3 Depths:4 Depths:5
Abyss: Depths:1 Depths:2 Depths:4 Depths:5
Pandemonium: Orc:2 Depths:2 Depths:3
Ziggurat: Depths:1

Annotations:
Lair:5 exclusion: 2 oklob plants


Innate Abilities, Weirdness & Mutations

You reflexively headbutt those who attack you in melee.
You have a pair of horns on your head.
You are somewhat resistant to further mutation.
You passively map the area around you.
Your natural rate of healing is unusually fast.
You are covered in thick fur. (AC +2)


Message History

There is an open door here.
You see here a jackal corpse.
You slice the jackal!! You freeze the jackal.
You kill the jackal!
You completely miss the jackal. The jackal misses you. You furiously retaliate!
You headbutt the jackal!
You kill the jackal!
You barely miss the jackal. The jackal misses you.
You hit the jackal. You freeze the jackal.
You kill the jackal!
No target in view!
No target in view!
No target in view!
Things that are here:
a jackal corpse x2
Butcher a jackal corpse? [(y)es/(c)hoosy/(n)o/(a)ll/(e)dible/(q)uit/?]
Butcher a jackal corpse? [(y)es/(c)hoosy/(n)o/(a)ll/(e)dible/(q)uit/?]
There isn't anything else to butcher here.
There is a staircase leading out of the dungeon here.
You have escaped!

#§# #.##.# #............# #§#
#.##.# ##.##>..####.## #####§#
#>##.# #..##...# #..# .....§#
#.######†####### ##..# #####§#
#.##....†....# #...#
#§###.##.........# #...#
#§##...#..⌠...⌠..# #.#.#
#§##.#.#.........### #.#.#
#§##.#.'....@....'.# #.#.#
#§##.###.........#.###.#.# #
#§##.###..⌠...⌠..#..)..#.#
#####§##...#.........#######.#
§§§§§.######.........#.......#
#####.# #####'############# #
#.## #..##.# # #..# #.###.# #
##.# #.....#


There were no monsters in sight!

Vanquished Creatures
  4 orbs of fire (Zot:5)
  Mara (Vaults:3)
  A juggernaut (Snake:3)
  8 ancient liches
  The ghost of Shimatora the Ninja, a legendary KoBe of Trog (Zot:2)
  Boris (Depths:5)
  2 pandemonium lords
  A shard shrike (Vaults:5)
  Margery (Vaults:3)
  Vashnia (Snake:4)
  4 Killer Klowns
  The ghost of kaze the Earth Mage, a veteran GrEE of Vehumet (Depths:3)
  7 curse toes
  3 caustic shrikes
  2 bone dragons (Depths:2)
  13 golden dragons
  Nikola (Depths:1)
  4 electric golems
  A Brimstone Fiend (Zot:3)
  Jorgrun (Snake:3)
  4 liches
  17 tentacled monstrosities
  3 titans
  31 Orb Guardians
  Asterion (Depths:1)
  10 quicksilver dragons
  2 deep elf master archers (Elf:3)
  The ghost of Zigma the Alchemist, an adept DrTm of Okawaru (Depths:1)
  3 deep elf blademasters
  10 death cobs
  4 sphinxes
  14 storm dragons
  Donald (Vaults:1)
  9 shadow dragons
  10 draconian monks
  8 tengu reavers
  9 nagarajas
  9 fire giants
  A fire giant (shapeshifter) (Vaults:5)
  An orc warlord (Vaults:2)
  6 deep elf sorcerers
  10 frost giants
  10 draconian scorchers
  5 iron dragons
  9 draconian knights
  21 vault wardens
  4 ghost moths
  8 deep elf elementalists (Elf:3)
  Aizul (Vaults:3)
  A ghoul (Vaults:3)
  A cacodemon (Zot:5)
  5 draconian shifters
  A reaper (Depths:1)
  20 ironheart preservers
  5 draconian annihilators
  2 war gargoyles (Vaults:5)
  18 stone giants
  4 spriggan defenders
  A draconian stormcaller (Zot:2)
  3 entropy weavers
  4 vampire knights
  14 very ugly things
  6 deep elf demonologists
  15 green draconians
  13 red draconians
  17 black draconians
  The ghost of Eptagon the Spry, a journeyman SpFi of Gozag (Orc:2)
  9 deep elf annihilators
  20 yellow draconians
  A dire elephant (shapeshifter) (Snake:2)
  15 purple draconians
  7 spark wasps (Depths:5)
  A blizzard demon (IceCv)
  A green death (Depths:1)
  15 white draconians
  2 merfolk javelineers (Depths:4)
  3 deep elf death magi
  A minotaur (Lab)
  5 deep elf high priests
  15 fire dragons
  Snorg (Lair:3)
  16 yaktaur captains
  6 ettins
  11 ogre magi
  Harold (Lair:3)
  25 hydras
  10 ice dragons
  6 rakshasas
  27 vault guards
  5 great orbs of eyes
  10 naga warriors
  5 anacondas
  A spriggan air mage (Depths:2)
  14 centaur warriors
  An alligator snapping turtle (Depths:5)
  A catoblepas (Lair:3)
  37 two-headed ogres
  32 dancing weapons
  4 death knights
  Erica (D:13)
  A two-headed ogre (shapeshifter) (Depths:1)
  14 deep troll shamans
  A vampire mage (Depths:5)
  A death yak (Lair:5)
  A hell hog (Depths:1)
  7 alligators
  7 deep troll earth magi
  A death yak (shapeshifter) (Vaults:5)
  4 spriggan berserkers (Depths:5)
  6 tengu warriors
  Urug (Orc:1)
  8 orc high priests
  13 naga sharpshooters
  12 shock serpents
  2 soul eaters
  2 sun demons
  10 hell knights
  17 deep elf knights
  3 sixfirhies
  6 shadow wraiths
  4 salamander mystics
  3 infernal demonspawn
  A death drake (shapeshifter) (Depths:3)
  2 sea snakes (Snake:3)
  4 skeletal warriors (Vaults:2)
  11 large abominations
  5 unseen horrors
  2 gelid demonspawn (Orc:2)
  A shadow demon (D:10)
  5 iron trolls
  5 flayed ghosts
  An orange crystal statue (Vaults:4)
  3 shambling mangroves
  32 deep trolls
  3 spriggan druids
  6 glowing orange brains
  7 swamp dragons
  10 wizards
  5 naga ritualists
  A swamp dragon (shapeshifter) (Depths:4)
  21 deep elf archers
  11 ironbrand convokers
  A lindwurm (Lair:3)
  9 mana vipers
  17 orc knights
  9 orc sorcerers
  6 phantasmal warriors
  69 deep elf magi
  11 necromancers
  47 ugly things
  8 cyclopes
  A shadow dragon skeleton (Vaults:5)
  A manticore (D:14)
  A faun (shapeshifter) (Vaults:5)
  A shining eye (shapeshifter) (D:15)
  A wolf spider (shapeshifter) (Vaults:4)
  10 salamanders
  22 moths of wrath
  5 wolf spiders
  2 ice statues (IceCv)
  5 elephants (Lair:3)
  3 guardian serpents
  3 rust devils
  2 black mambas (shapeshifter)
  12 vault sentinels
  36 black mambas
  2 smoke demons (Orc:2)
  2 torpor snails
  Joseph (D:7)
  2 gargoyles
  2 orange demons
  29 naga magi
  30 spiny frogs
  2 demonic crawlers
  5 freezing wraiths
  4 rime drakes
  11 komodo dragons
  A hellion (Zot:5)
  A yaktaur skeleton (Vaults:5)
  A tormentor (Depths:3)
  15 ice devils
  An efreet (D:15)
  A guardian mummy (Vaults:3)
  91 yaktaurs
  5 tengu conjurers
  3 jumping spiders (shapeshifter)
  2 hellwings
  8 tyrant leeches
  A red devil (D:2)
  A harpy skeleton (D:15)
  2 polar bears
  The ghost of GordonOverkill the Chopper, an amateur DsCK of Xom (D:4)
  7 trolls
  Prince Ribbit (D:6)
  13 hornets
  A tengu simulacrum (Vaults:3)
  A blink frog (shapeshifter) (D:14)
  4 bog bodies
  2 dream sheep (shapeshifter)
  7 hippogriffs
  20 slime creatures
  A wind drake (shapeshifter) (Vaults:2)
  17 dream sheep
  10 blink frogs (Lair:6)
  A stone giant simulacrum (Vaults:5)
  A hippogriff (shapeshifter) (Vaults:1)
  15 water elementals
  5 air elementals
  4 redbacks
  6 spriggans
  A ynoxinul (D:10)
  A vampire (D:10)
  A tarantella (Vaults:1)
  2 shadows (Swamp:2)
  A spriggan (shapeshifter) (Depths:3)
  6 wraiths
  37 yaks
  2 fire elementals
  2 hogs (shapeshifter)
  8 wyverns
  3 hungry ghosts
  Grum (D:8)
  2 elf skeletons (Vaults:5)
  2 chaos spawn
  2 basilisks
  A human simulacrum (Vaults:2)
  26 vampire mosquitoes
  A harpy simulacrum (Vaults:1)
  2 steam dragons
  13 swamp worms
  45 nagas
  A neqoxec (D:7)
  2 wargs (Elf:2)
  16 insubstantial wisps
  An acid dragon (D:14)
  8 hell hounds (Depths:1)
  2 soldier ants (D:13)
  A spatial vortex (Depths:2)
  26 water moccasins
  20 porcupines
  3 black bears
  2 elephant zombies (Lair:3)
  4 ice beasts
  8 sky beasts
  3 eyes of draining
  A necrophage (D:15)
  5 swamp drakes
  A hornet zombie (D:6)
  37 orc warriors
  37 ogres
  2 phantoms
  2 boggarts
  16 centaurs
  19 wolves
  6 small abominations
  23 crocodiles
  2 big kobolds
  3 elf zombies (Elf:1)
  29 bullfrogs
  3 earth elementals
  3 killer bees (D:8)
  7 scorpions
  11 wights
  An orc simulacrum (Vaults:2)
  A howler monkey (shapeshifter) (Vaults:5)
  2 howler monkeys
  6 electric eels
  8 crimson imps
  5 centaur zombies
  2 quasits
  A hound (shapeshifter) (Vaults:5)
  8 hounds
  An iron imp (Depths:2)
  28 orc priests
  Crazy Yiuf (D:4)
  2 bullfrog skeletons
  4 jellies
  24 orc wizards
  8 centaur skeletons
  An iguana (D:8)
  A hell rat (Depths:1)
  12 worker ants
  2 crocodile zombies (Lair:3)
  2 hound zombies
  7 gnolls
  13 adders
  6 shadow imps
  10 white imps (IceCv)
  6 ufetubi
  An ooze (D:3)
  An adder skeleton (D:4)
  An adder zombie (D:8)
  6 worms
  4 dart slugs
  2 leopard geckos
  103 orcs
  4 ball pythons
  6 giant cockroaches
  13 goblins
  12 hobgoblins
  11 jackals
  18 kobolds
  9 quokkas
  11 bats
  6 frilled lizards
  A leopard gecko skeleton (D:4)
  A quokka zombie (D:6)
  13 rats
  7 fungi
  2 plants
2459 creatures vanquished.

Vanquished Creatures (collateral kills)
  A vault warden (Vaults:3)
  A draconian shifter (Zot:5)
  A deep elf death mage (Elf:3)
  3 hydras
  A centaur warrior (D:14)
  A swamp dragon (Swamp:4)
  A deep elf mage (Elf:2)
  A spiny frog (Swamp:4)
  A hornet (Swamp:4)
  2 spriggans (Swamp:4)
  Eustachio (D:5)
  3 insubstantial wisps (Swamp:3)
  A swamp worm (Swamp:4)
  A swamp drake (Swamp:4)
  A phantom (D:9)
  A wolf (Lair:1)
  A crocodile (D:4)
  A bullfrog (Lair:6)
  3 wights (D:8)
  A gnoll shaman (D:4)
  A hound skeleton (D:4)
  A gnoll (D:4)
  A plant (D:8)
30 creatures vanquished.

Vanquished Creatures (others)
  An Orb Guardian (Zot:5)
  A nagaraja (Snake:2)
  A fire giant (Depths:3)
  A black draconian (Zot:1)
  A hydra (Swamp:4)
  A dancing weapon (Elf:1)
  The ghost of runewalsh the Frost Mage, a journeyman OpIE of Gozag (IceCv)
  A moth of wrath (Zot:5)
  2 naga magi
  A shadow (D:14)
  A chaos spawn (Zot:5)
  6 swamp drakes (Swamp:4)
  An orc warrior (Vaults:1)
  An orc priest (Orc:2)
  A gnoll (D:3)
  A white imp (IceCv)
  2 ufetubi (IceCv)
  3 orcs
  13 fungi
  28 plants
68 creatures vanquished.

Grand Total: 2557 creatures vanquished

Notes
Turn   | Place    | Note
-------+----------+-------------------------------------------
     0 | D:1      | GordonOverkill the Minotaur Chaos Knight began the quest for the Orb.
     0 | D:1      | Reached XP level 1. HP: 19/19 MP: 0/0
   100 | D:1      | Reached XP level 2. HP: 27/27 MP: 1/1
   243 | D:1      | XOM: mild Pois miscast
   250 | D:1      | Reached XP level 3. HP: 19/33 MP: 2/2
   316 | D:1      | XOM: give mutations
   316 | D:1      | Gained mutation: Scrolls take you a little longer to read. [Xom's mischief]
   316 | D:1      | Gained mutation: Scrolls take you longer to read. [Xom's mischief]
   316 | D:1      | Gained mutation: Your flesh is heat resistant. (rF+) [Xom's mischief]
   331 | D:1      | XOM: give mutations
   331 | D:1      | Gained mutation: You are partially covered in iridescent scales. (AC +2) [Xom's grace]
   331 | D:1      | Gained mutation: You are agile. (Dex +2) [Xom's grace]
   412 | D:1      | XOM: god gift: long sword {god gift}
   594 | D:1      | XOM: god gift: 15 gold pieces
   750 | D:1      | XOM: cloud trail
   973 | D:2      | Reached XP level 4. HP: 37/40 MP: 3/3
   995 | D:2      | Found a snail-covered altar of Cheibriados.
  1654 | D:3      | XOM is BORED!
  1654 | D:3      | XOM: confusion (+ monsters)
  1655 | D:3      | XOM: divine lightning
  1663 | D:3      | XOM: medium Erth miscast
  1663 | D:3      | XOM: smoke on damage
  1670 | D:3      | XOM: chaos upgrade
  2075 | D:3      | XOM: divination: magic mapping
  2096 | D:3      | Reached skill level 1 in Shields
  2096 | D:3      | Reached XP level 5. HP: 47/47 MP: 4/4
  2098 | D:3      | XOM: polymorph gnoll -> giant cockroach
  2470 | D:3      | Found a shadowy altar of Dithmenos.
  2484 | D:3      | Reached skill level 5 in Axes
  2683 | D:4      | Noticed GordonOverkill's ghost (amateur DsCK)
  2924 | D:3      | XOM: torment (25/47 hp)
  2938 | D:4      | XOM: cast spell 'Dispersal'
  2954 | D:3      | XOM: scenery: create altars
  3227 | D:4      | XOM: mild Tloc miscast
  3238 | D:4      | Reached XP level 6. HP: 47/53 MP: 5/5
  3243 | D:4      | Noticed Edmund
  3243 | D:4      | XOM: repel stairs
  3246 | D:4      | XOM: blink monster(s)
  3248 | D:4      | XOM: enchant monster (good)
  3249 | D:4      | Noticed Edmund
  3249 | D:4      | Edmund changed into Edmund the crocodile
  3252 | D:4      | XOM: summons 2 friendly demons
  3254 | D:4      | Killed Edmund the crocodile
  3303 | D:4      | XOM: summons 2 friendly demons
  3684 | D:4      | Noticed a moth of wrath
  3686 | D:4      | Found a bloodstained altar of Trog.
  3707 | D:4      | XOM: scenery: create altars
  3752 | D:4      | Found a runed door.
  3759 | D:4      | XOM: summons 1 hostile demon
  3794 | D:4      | XOM: polymorph worm -> boggart
  3799 | D:4      | Reached skill level 5 in Fighting
  3816 | D:4      | Found a shimmering altar of Xom.
  3853 | D:4      | Reached XP level 7. HP: 46/61 MP: 6/6
  3987 | D:4      | Killed GordonOverkill's ghost
  4030 | D:4      | Found a deep blue altar of Sif Muna.
  4061 | D:4      | XOM: scenery: create altars
  4081 | D:4      | Noticed Crazy Yiuf
  4088 | D:4      | Killed Crazy Yiuf
  4122 | D:5      | Entered Level 5 of the Dungeon
  4193 | D:5      | Reached XP level 8. HP: 55/70 MP: 7/7
  4312 | D:5      | Noticed Eustachio
  4319 | D:5      | XOM: summons 4 friendly demons
  4328 | D:5      | Killed Eustachio
  4328 | D:5      | Reached skill level 5 in Armour
  4346 | D:5      | Found a shattered altar of Ashenzari.
  4378 | D:5      | XOM: cloud trail
  4434 | D:5      | Reached skill level 5 in Dodging
  4465 | D:5      | XOM: harmless Fire miscast
  4490 | D:5      | XOM: cloud trail
  4636 | D:5      | Found a staircase to the Ecumenical Temple.
  4899 | D:6      | Noticed Prince Ribbit
  4900 | D:6      | XOM: fog
  4910 | D:6      | Killed Prince Ribbit
  4916 | D:6      | Found an opulent altar of Gozag.
  4934 | D:6      | XOM: swap monsters
  5099 | D:6      | Found an ancient bone altar of Kikubaaqudgha.
  5101 | D:6      | Found a sacrificial altar of Ru.
  5313 | D:6      | Reached XP level 9. HP: 79/79 MP: 8/8
  5658 | D:7      | Got a pair of shimmering gloves
  5669 | D:7      | Identified the +4 pair of gloves "Giut" {rElec Str+5 Dex-2} (You found it on level 7 of the Dungeon)
  5718 | D:7      | Noticed Joseph
  5719 | D:7      | Found Jaxelymm's Armour Shoppe.
  5729 | D:7      | XOM: confuse monster(s)
  5739 | D:7      | Killed Joseph
  5739 | D:7      | Reached skill level 10 in Axes
  5803 | D:7      | XOM: divination: detect items
  5898 | D:7      | XOM: harmless Tloc miscast
  5918 | D:7      | XOM: divination: detect creatures
  6059 | D:8      | XOM: potion effect (might)
  6072 | D:8      | XOM: confusion
  6079 | D:8      | Found a staircase to the Lair.
  6079 | D:8      | XOM: swap monsters
  6099 | D:8      | Reached XP level 10. HP: 82/90 MP: 9/9
  6380 | D:8      | Noticed Grum
  6393 | D:8      | XOM: divination: magic mapping
  6396 | D:8      | Killed Grum
  6480 | D:8      | Noticed a two-headed ogre
  6481 | D:8      | XOM: divination: detect creatures
  6490 | D:8      | Killed a two-headed ogre
  6992 | D:8      | XOM: 2-stop teleportation journey
  7184 | D:8      | XOM: give mutation
  7184 | D:8      | Gained mutation: You are covered in fur. (AC +1) [Xom's grace]
  7412 | D:9      | XOM: enchant monster (good)
  7419 | D:9      | XOM: cloud trail
  7445 | D:9      | XOM: enchant monster (good)
  7458 | D:9      | Noticed a two-headed ogre
  7464 | D:9      | Killed a two-headed ogre
  7580 | D:9      | Identified Cerebov's Almanac of Heat
  7617 | D:9      | XOM: cast spell 'Summon Horrible Things'
  7674 | D:9      | Found an iron altar of Okawaru.
  7674 | D:9      | Found a white marble altar of Elyvilon.
  7756 | D:9      | XOM is BORED!
  7756 | D:9      | XOM: noise
  7790 | D:9      | XOM: confusion (+ monsters)
  7794 | D:9      | XOM: draining
  8254 | D:9      | XOM: stat loss: -1 Str (24/25)
  8257 | D:9      | Reached XP level 11. HP: 90/97 MP: 10/10
  8312 | D:9      | XOM: enchant monster (good)
  8420 | D:9      | XOM: noise
  8574 | D:7      | Bought the +1 plate armour of the Monk {rF+ Int-4 SInv} for 491 gold pieces
  8625 | D:10     | Entered Level 10 of the Dungeon
  8970 | D:10     | XOM: noise
  9012 | D:10     | Reached skill level 10 in Fighting
  9083 | D:10     | XOM: severe Tloc miscast
  9086 | D:10     | Found Ufug's Gadget Shop.
  9104 | D:10     | Gained mutation: Your magical capacity is low. (-10% MP) [mutagenic glow]
  9163 | D:10     | Found a staircase to the Orcish Mines.
  9167 | D:10     | Gained mutation: You are weak. (Str -2) [mutagenic glow]
  9222 | D:10     | Gained mutation: Your magical capacity is very low. (-20% MP) [mutagenic glow]
  9254 | D:10     | XOM: god gift: fan of gales
  9389 | D:11     | Noticed a two-headed ogre
  9395 | D:11     | XOM: swap monsters
  9400 | D:11     | Killed a two-headed ogre
  9499 | D:11     | XOM: harmless Summ miscast
  9560 | D:11     | Found a labyrinth entrance.
  9586 | Lab      | Entered a labyrinth
  9630 | Lab      | XOM: harmless Hex miscast
  9929 | Lab      | XOM is BORED!
  9929 | Lab      | XOM: give mutations
  9929 | Lab      | Lost mutation: Scrolls take you longer to read. [Xom's mischief]
  9929 | Lab      | Lost mutation: Scrolls take you a little longer to read. [Xom's mischief]
  9929 | Lab      | Lost mutation: You are weak. (Str -2) [Xom's mischief]
 10148 | Lab      | Noticed a minotaur
 10162 | Lab      | Killed a minotaur
 10372 | D:11     | XOM: enchant monster (good)
 10471 | D:11     | XOM: summons 5 hostile demons
 10487 | D:11     | Reached skill level 5 in Shields
 10501 | D:11     | XOM: chaos cloud
 10506 | D:11     | Reached skill level 10 in Armour
 10555 | D:11     | Reached skill level 1 in Evocations
 10700 | D:11     | XOM: confuse monster(s)
 10832 | D:11     | XOM: divination: magic mapping
 11328 | D:12     | XOM: give mutations
 11328 | D:12     | Gained mutation: You have a somewhat thin skeletal structure. (Dex +2, Stealth) [Xom's grace]
 11328 | D:12     | Gained mutation: You have a pair of large horns on your head. [Xom's grace]
 11594 | Lair:1   | Entered Level 1 of the Lair of Beasts
 11617 | Lair:1   | Reached XP level 12. HP: 106/108 MP: 9/9
 11656 | Lair:1   | Noticed an eight-headed hydra
 11658 | Lair:1   | XOM: smoke on damage
 11663 | Lair:1   | Killed an eight-headed hydra
 11718 | Lair:1   | XOM: 3-stop teleportation journey
 11731 | Lair:1   | XOM: 2-stop teleportation journey
 11733 | Lair:1   | XOM: scenery: create altars
 11873 | Lair:1   | XOM: cast spell 'Alistair's Intoxication'
 11881 | Lair:1   | XOM: confuse monster(s)
 11885 | Lair:1   | XOM: harmless Tmut miscast
 11944 | Lair:1   | XOM: harmless Pois miscast
 12010 | Lair:1   | XOM: noise
 12387 | Lair:2   | Noticed an eight-headed hydra
 12395 | Lair:1   | XOM: noise
 12402 | Lair:1   | Killed a nine-headed hydra
 12462 | Lair:2   | Found a staircase to the Snake Pit.
 12560 | Lair:2   | XOM: confuse monster(s)
 12561 | Lair:2   | XOM: mild Summ miscast
 12562 | Lair:2   | XOM: silly message
 12563 | Lair:2   | XOM: confuse monster(s)
 12588 | Lair:2   | Reached skill level 10 in Dodging
 13056 | Lair:2   | Identified a scroll of acquirement
 13106 | Lair:2   | XOM: harmless Hex miscast
 13114 | Lair:2   | Learned a level 2 spell: Blink
 13118 | Lair:2   | Learned a level 3 spell: Regeneration
 13240 | Lair:3   | Reached skill level 15 in Axes
 13254 | Lair:3   | Noticed Snorg
 13256 | Lair:3   | Noticed Harold
 13259 | Lair:3   | XOM: potion effect (brilliance)
 13266 | Lair:3   | Killed Snorg
 13279 | Lair:3   | Killed Harold
 13279 | Lair:3   | Reached skill level 10 in Shields
 13279 | Lair:3   | Reached XP level 13. HP: 101/116 MP: 10/11
 13538 | Lair:3   | XOM: potion effect (haste)
 13552 | Lair:3   | Found a staircase to the Swamp.
 13684 | Lair:3   | XOM: silly message
 13697 | Lair:3   | XOM: harmless Erth miscast
 13698 | Lair:3   | XOM: silly message
 13700 | Lair:3   | XOM: potion effect (haste)
 13857 | Lair:3   | XOM: silly message
 14329 | Lair:3   | XOM: silly message
 14551 | Lair:4   | XOM: harmless Hex miscast
 14767 | Lair:4   | XOM: divination: detect items
 14768 | Lair:4   | Reached skill level 5 in Evocations
 14819 | Lair:4   | XOM: butterfly on damage
 14853 | Lair:4   | XOM: silly message
 15008 | Lair:4   | XOM: harmless Fire miscast
 15015 | Lair:4   | XOM: potion effect (berserk rage)
 15022 | Lair:4   | XOM: silly message
 15272 | Lair:4   | XOM: harmless Chrm miscast
 15299 | Lair:4   | XOM: noise
 15587 | Lair:5   | XOM: divination: detect creatures
 15719 | Lair:5   | XOM: divination: detect items
 15724 | Lair:5   | XOM: harmless Chrm miscast
 15772 | Lair:5   | XOM: mild Erth miscast
 15791 | Lair:5   | XOM: divination: magic mapping
 16231 | Lair:6   | Entered Level 6 of the Lair of Beasts
 16256 | Lair:6   | Reached XP level 14. HP: 127/127 MP: 13/13
 16257 | Lair:6   | XOM: harmless Fire miscast
 16262 | Lair:6   | XOM: silly message
 16277 | Lair:6   | XOM: silly message
 16341 | Lair:6   | XOM: harmless Hex miscast
 16361 | Lair:6   | XOM: noise
 16415 | Lair:6   | XOM: 2-stop teleportation journey
 16481 | Lair:6   | XOM: polymorph bullfrog -> jelly
 16599 | Lair:6   | XOM: cleaving
 16601 | Lair:6   | XOM: cast spell 'Monstrous Menagerie'
 16632 | Lair:6   | XOM: scenery: create altars
 16658 | Lair:6   | XOM: 1-stop teleportation journey
 16668 | Lair:6   | XOM: mild Air miscast
 16742 | Lair:6   | XOM: silly message
 16845 | Lair:6   | XOM: noise
 16879 | Lair:6   | XOM: noise
 17086 | Lair:6   | XOM: summons 3 hostile demons
 17259 | D:8      | XOM: summons 2 hostile shadow creatures
 17392 | Orc:1    | Entered Level 1 of the Orcish Mines
 17413 | Orc:1    | XOM: confuse monster(s)
 17435 | Orc:1    | XOM: blink monster(s)
 17441 | Orc:1    | XOM: blink monster(s)
 17545 | Orc:1    | XOM: give mutations
 17545 | Orc:1    | Gained mutation: You passively map a small area around you. [Xom's grace]
 17545 | Orc:1    | Gained mutation: You are mostly covered in iridescent scales. (AC +4) [Xom's grace]
 17634 | Orc:1    | XOM: give mutations
 17634 | Orc:1    | Gained mutation: Scrolls take you a little longer to read. [Xom's mischief]
 17634 | Orc:1    | Lost mutation: You are agile. (Dex +2) [Xom's mischief]
 17701 | Orc:2    | Entered Level 2 of the Orcish Mines
 17806 | Orc:2    | XOM: enchant monster (bad)
 17808 | Orc:2    | Noticed Eptagon's ghost (journeyman SpFi)
 17808 | Orc:2    | XOM: polymorph orc priest -> steam dragon
 17828 | Orc:2    | XOM: 1-stop teleportation journey
 17866 | Orc:2    | XOM: stat loss: -1 Str (25/26)
 17896 | Orc:2    | XOM: scenery: create altars
 17944 | Orc:2    | XOM: cast spell 'Alistair's Intoxication'
 17947 | Orc:2    | XOM: cast spell 'Ring of Flames'
 17947 | Orc:2    | Killed Eptagon's ghost
 17962 | Orc:2    | XOM: divination: detect creatures
 18433 | Orc:2    | Found Baovuapn's General Store.
 18434 | Orc:2    | XOM: noise
 18648 | Orc:2    | Found Zaitraw's General Store.
 18686 | Orc:2    | XOM: divination: detect items
 18757 | Orc:2    | XOM: destruction
 18759 | Orc:2    | Found a staircase to the Elven Halls.
 18964 | Orc:2    | XOM: polymorph orc warrior -> boggart
 19027 | Orc:2    | Found Ririsepp's Jewellery Emporium.
 19036 | Orc:2    | Bought an uncursed amulet of regeneration for 360 gold pieces
 19358 | Orc:2    | XOM: enchant monster (good)
 19376 | Orc:1    | Noticed Urug
 19379 | Orc:1    | XOM: destruction
 19391 | Orc:1    | Killed Urug
 19685 | Orc:2    | XOM: give mutations
 19685 | Orc:2    | Gained mutation: You are clumsy. (Dex -2) [Xom's mischief]
 19685 | Orc:2    | Lost mutation: You are clumsy. (Dex -2) [Xom's mischief]
 19685 | Orc:2    | Gained mutation: Your body sometimes deteriorates upon taking damage. [Xom's mischief]
 19685 | Orc:2    | Gained mutation: You are somewhat resistant to further mutation. [Xom's mischief]
 19699 | Orc:2    | XOM: scenery: create altars
 19771 | Orc:2    | XOM: enchant monster (good)
 19782 | Orc:2    | Paralysed by an orc sorcerer for 2 turns
 19785 | Orc:2    | Reached XP level 15. HP: 115/137 MP: 14/14
 19948 | Orc:2    | Reached skill level 15 in Shields
 20102 | Orc:2    | XOM: cloud trail
 20139 | Orc:2    | XOM: scenery: create altars
 20252 | Orc:2    | XOM: cast spell 'Summon Butterflies'
 20261 | Orc:2    | XOM: noise
 20262 | Orc:2    | XOM: cast spell 'Leda's Liquefaction'
 20263 | Orc:2    | XOM: divination: magic mapping
 20268 | Orc:2    | XOM: cast spell 'Olgreb's Toxic Radiance'
 20274 | Orc:2    | XOM: cast spell 'Cause Fear'
 20415 | Orc:2    | XOM is BORED!
 20415 | Orc:2    | XOM: mild Erth miscast
 20587 | Orc:2    | Found Ypriv's Book Boutique.
 20587 | Orc:2    | Found a one-way gate leading to the halls of Pandemonium.
 20587 | Orc:2    | Found Eminwong's Antique Weapon Shop.
 20733 | Orc:2    | Bought a scroll of fog for 32 gold pieces
 20733 | Orc:2    | Bought a potion of curing for 48 gold pieces
 20733 | Orc:2    | Bought a scroll of teleportation for 48 gold pieces
 20735 | Orc:2    | Bought a scroll of identify for 32 gold pieces
 20844 | D:10     | XOM: silly message
 20910 | D:13     | XOM: divination: detect creatures
 20963 | D:13     | XOM: cast spell 'Call Canine Familiar'
 20970 | D:13     | Found a gate to the Vaults.
 21007 | D:13     | XOM: potion effect (berserk rage)
 21216 | D:13     | XOM: divination: detect creatures
 21403 | D:13     | XOM: harmless Pois miscast
 21479 | D:13     | Noticed Erica
 21496 | D:13     | Killed Erica
 21496 | D:13     | Reached skill level 15 in Fighting
 21637 | D:13     | XOM: mild Hex miscast
 21659 | D:13     | XOM: divination: detect creatures
 21846 | D:14     | XOM: divination: detect items
 21853 | D:14     | XOM: potion effect (haste)
 21856 | D:14     | XOM: harmless Air miscast
 21863 | D:14     | XOM: divination: detect creatures
 21911 | D:14     | XOM: enchant monster (good)
 22379 | D:14     | Noticed a frost giant
 22379 | D:14     | Noticed a fire giant
 22382 | D:14     | XOM: enchant monster (good)
 22386 | D:14     | XOM: summons 3 friendly demons
 22388 | D:14     | Killed a fire giant
 22395 | D:14     | Killed a frost giant
 22443 | D:14     | XOM: scenery: 2 doors open
 22497 | D:14     | XOM: give mutations
 22497 | D:14     | Gained mutation: You passively map the area around you. [Xom's grace]
 22497 | D:14     | Gained mutation: You possess an exceptional clarity of mind. [Xom's grace]
 22497 | D:14     | Gained mutation: You are somewhat resistant to both further mutation and mutation removal. [Xom's grace]
 22497 | D:14     | Gained mutation: You are covered in thick fur. (AC +2) [Xom's grace]
 22662 | D:14     | XOM: give mutation
 22662 | D:14     | Gained mutation: Your mind is acute. (Int +2) [Xom's grace]
 22807 | D:15     | Entered Level 15 of the Dungeon
 22837 | D:15     | XOM: divination: detect items
 22843 | D:15     | XOM: god gift: wand of lightning (?/15) {god gift}
 23032 | D:15     | Found a shadowy altar of Dithmenos.
 23035 | D:15     | XOM: destruction
 23053 | D:15     | XOM: divination: magic mapping
 23247 | D:15     | XOM: cloud trail
 23248 | D:15     | XOM: summons 2 friendly demons
 23423 | D:15     | XOM: god gift: 36 gold pieces
 23501 | D:15     | Found a staircase to the Depths.
 23508 | D:15     | XOM: medium Conj miscast
 23643 | D:13     | XOM: harmless Hex miscast
 23648 | D:13     | Reached XP level 16. HP: 152/155 MP: 14/14
 23806 | Swamp:1  | Entered Level 1 of the Swamp
 23880 | Swamp:1  | Learned a level 1 spell: Corona
 24169 | Swamp:1  | XOM: noise
 24184 | Swamp:1  | XOM: summons friendly ufetubus
 24575 | Swamp:1  | XOM: give mutations
 24575 | Swamp:1  | Lost mutation: You possess an exceptional clarity of mind. [Xom's mischief]
 24575 | Swamp:1  | Lost mutation: Your mind is acute. (Int +2) [Xom's mischief]
 24575 | Swamp:1  | Lost mutation: Scrolls take you a little longer to read. [Xom's mischief]
 24575 | Swamp:1  | Lost mutation: You have a pair of large horns on your head. [Xom's mischief]
 24984 | Swamp:2  | XOM: harmless Summ miscast
 25100 | Swamp:2  | XOM: give mutation
 25100 | Swamp:2  | Gained mutation: You are clumsy. (Dex -2) [Xom's mischief]
 25291 | Swamp:2  | XOM: summons 14 friendly demons
 25528 | Swamp:2  | XOM: 1-stop teleportation journey
 25652 | Swamp:2  | XOM: god gift: wand of flame (?/48) {god gift}
 25885 | Swamp:3  | XOM: cast spell 'Summon Mana Viper'
 26096 | Swamp:1  | XOM: give mutations
 26096 | Swamp:1  | Gained mutation: Your natural rate of healing is unusually fast. [Xom's grace]
 26096 | Swamp:1  | Gained mutation: You have large cloven feet. [Xom's grace]
 26096 | Swamp:1  | Lost mutation: You are somewhat resistant to both further mutation and mutation removal. [Xom's grace]
 26096 | Swamp:1  | Lost mutation: You are somewhat resistant to further mutation. [Xom's grace]
 26096 | Swamp:1  | Gained mutation: You evolve. [Xom's grace]
 26096 | Swamp:1  | Gained mutation: You have hoof-like feet. [Xom's grace]
 26639 | Swamp:3  | XOM: god gift: sparkling crystal amulet {god gift}
 26640 | Swamp:3  | Got a sparkling crystal amulet {god gift}
 26641 | Swamp:3  | Identified the amulet "Iwkias" {Faith +Fly rC+} (Xom gifted it to you on level 3 of the Swamp)
 26663 | Swamp:3  | XOM: divine lightning
 26813 | Swamp:3  | XOM: enchant monster (good)
 27128 | Swamp:4  | Entered Level 4 of the Swamp
 27138 | Swamp:4  | XOM: scenery: create altars
 27184 | Swamp:4  | XOM: smoke on damage
 27188 | Swamp:4  | XOM: enchant monster (good)
 27327 | Swamp:4  | XOM: polymorph spriggan rider -> swamp worm
 27333 | Swamp:4  | XOM: potion effect (brilliance)
 27362 | Swamp:4  | XOM: 2-stop teleportation journey
 27463 | Swamp:4  | XOM: polymorph swamp dragon -> cyclops
 27477 | Swamp:4  | XOM: enchant monster (good)
 27480 | Swamp:4  | XOM: cast spell 'Olgreb's Toxic Radiance'
 27493 | Swamp:4  | XOM: destruction
 27522 | Swamp:4  | Got a decaying rune of Zot
 27809 | Swamp:4  | XOM: draining
 28016 | Lair:2   | Gained mutation: You passively map a large area around you. [evolution]
 28026 | Snake:1  | Entered Level 1 of the Snake Pit
 28034 | Snake:1  | XOM: god gift: quarterstaff {god gift}
 28042 | Snake:1  | XOM: fog
 28085 | Snake:1  | XOM: cleaving
 28233 | Snake:1  | XOM: fake destruction
 28243 | Snake:1  | XOM: god gift: fizzy golden potion {god gift}
 28268 | Snake:1  | Reached XP level 17. HP: 134/173 MP: 15/15
 28275 | Snake:1  | XOM: confuse monster(s)
 28379 | Snake:1  | Found a frozen archway.
 28379 | Snake:1  | XOM: god gift: paperback book {god gift}
 28381 | Snake:1  | XOM: 4-stop teleportation journey
 28421 | IceCv    | Entered an ice cave
 28449 | IceCv    | Killed runewalsh's ghost
 28458 | IceCv    | XOM: polymorph ice beast -> tengu
 28522 | IceCv    | XOM: polymorph ice devil -> orange demon
 28642 | IceCv    | XOM: divination: detect items
 28677 | IceCv    | XOM: polymorph blizzard demon -> blizzard demon
 28805 | IceCv    | XOM: 10-stop teleportation journey
 28859 | IceCv    | XOM: cloud trail
 28960 | IceCv    | XOM: mild Tmut miscast
 28975 | IceCv    | XOM: give mutations
 28975 | IceCv    | Lost mutation: You are clumsy. (Dex -2) [Xom's mischief]
 28975 | IceCv    | Lost mutation: You have hoof-like feet. [Xom's mischief]
 29315 | Snake:2  | XOM: scenery: create altars
 29319 | Snake:2  | XOM: 8-stop teleportation journey
 29322 | Snake:2  | XOM: snakes to sticks
 29329 | Snake:2  | XOM: summons 4 friendly demons
 29481 | Snake:2  | XOM: noise
 29635 | Snake:2  | XOM: polymorph naga ritualist -> cyclops
 29995 | Snake:2  | XOM: polymorph nagaraja -> dire elephant
 29996 | Snake:2  | XOM: enchant monster (bad)
 30357 | Snake:3  | XOM: stat loss: -1 Int (8/9)
 30419 | Snake:3  | Noticed Bai Suzhen
 30421 | Snake:3  | Noticed Bai Suzhen
 30421 | Snake:3  | Bai Suzhen changed into Bai Suzhen the juggernaut
 30421 | Snake:3  | XOM: polymorph Bai Suzhen -> Bai Suzhen the juggernaut
 30444 | Snake:3  | Killed Bai Suzhen the juggernaut
 30527 | Snake:3  | XOM: 1-stop teleportation journey
 30799 | Snake:3  | XOM: summons 6 hostile demons
 30868 | Snake:3  | Got a translucent hat
 30869 | Snake:3  | Identified the +2 hat "Kaewikkelox" {rC+} (You found it on level 3 of the Snake Pit)
 30914 | Snake:3  | Found Memeylu's Armour Shop.
 30920 | Snake:3  | Noticed Jorgrun
 30934 | Snake:3  | Killed Jorgrun
 30938 | Snake:3  | Found Xisuq's Antique Weapon Boutique.
 30938 | Snake:3  | Found Mehiucsa's Antique Armour Shop.
 30943 | Snake:3  | Found Sez Wiecs's Weapon Boutique.
 31106 | Snake:3  | Found a shattered altar of Ashenzari.
 31333 | Snake:4  | Entered Level 4 of the Snake Pit
 31333 | Snake:4  | Found Hozim's Magic Scroll Boutique.
 31337 | Snake:4  | Bought a scroll of fear for 59 gold pieces
 31337 | Snake:4  | Bought 2 scrolls of teleportation for 102 gold pieces
 31337 | Snake:4  | Bought a scroll of recharging for 161 gold pieces
 31337 | Snake:4  | Bought 2 scrolls of enchant weapon for 255 gold pieces
 31337 | Snake:4  | Bought a scroll of identify for 34 gold pieces
 31337 | Snake:4  | Bought a scroll of identify for 34 gold pieces
 31337 | Snake:4  | Bought a scroll of identify for 34 gold pieces
 31337 | Snake:4  | Bought a scroll of recharging for 161 gold pieces
 31337 | Snake:4  | Bought a scroll of identify for 34 gold pieces
 31404 | Snake:4  | XOM: cast spell 'Summon Ice Beast'
 31409 | Snake:4  | Noticed Vashnia
 31415 | Snake:4  | XOM: enchant monster (good)
 31461 | Snake:4  | XOM: enchant monster (good)
 31468 | Snake:4  | Reached XP level 18. HP: 184/189 MP: 16/16
 31497 | Snake:4  | XOM: divination: detect items
 31689 | Snake:4  | XOM: enchant monster (good)
 31739 | Snake:4  | XOM: confuse monster(s)
 31749 | Snake:4  | XOM: summons 2 friendly demons
 31757 | Snake:4  | Killed Vashnia
 31845 | Snake:4  | XOM: harmless Conj miscast
 32082 | Snake:4  | XOM: divination: detect items
 32112 | Snake:4  | Got a serpentine rune of Zot
 32120 | Snake:4  | XOM: potion effect (experience)
 32120 | Snake:4  | Reached XP level 19. HP: 190/195 MP: 17/17
 32267 | Snake:4  | XOM: silly message
 32385 | Snake:4  | Found Juanaw's Food Shop.
 32440 | Snake:4  | Found Rimiunar's Antique Armour Boutique.
 32465 | Snake:4  | Found Ryhoab's Weapon Shoppe.
 32574 | Snake:4  | XOM: divination: detect creatures
 32611 | Snake:3  | XOM: scenery: create altars
 32805 | Vaults:1 | Entered Level 1 of the Vaults
 32907 | Vaults:1 | XOM: destruction
 32919 | Vaults:1 | XOM: divination: magic mapping
 32932 | Vaults:1 | XOM: 8-stop teleportation journey
 32943 | Vaults:1 | XOM: scenery: 2 doors open, 1 doors close
 32957 | Vaults:1 | XOM: polymorph yaktaur -> yak
 33064 | Vaults:1 | XOM: destruction
 33204 | Vaults:1 | XOM: summons friendly ufetubus
 33207 | Vaults:1 | XOM: cast spell 'Summon Small Mammal'
 33239 | Vaults:1 | XOM: noise
 33243 | Vaults:1 | XOM: divination: detect items
 33321 | Vaults:1 | Noticed Donald
 33322 | Vaults:1 | XOM: silly message
 33334 | Vaults:1 | Killed Donald
 33499 | Vaults:1 | XOM: noise
 33636 | Vaults:1 | XOM: medium Tmut miscast
 33673 | Vaults:1 | Got a scorched hat
 33674 | Vaults:1 | Identified the +1 hat of the Wheelwright {rPois rF- MR+ Dex+10} (You found it on level 1 of the Vaults)
 33684 | Vaults:1 | Found a radiant altar of Vehumet.
 33684 | Vaults:1 | Noticed a lich
 33693 | Vaults:1 | Killed a lich
 33698 | Vaults:1 | Got a twisted hat
 33699 | Vaults:1 | Identified the +5 hat "Biwipeo" {rPois MP-9 Int+2} (You found it on level 1 of the Vaults)
 33726 | Vaults:1 | XOM: god gift: 3 scrolls of blinking
 33977 | Vaults:1 | XOM: medium Fire miscast
 34062 | Vaults:1 | Reached XP level 20. HP: 180/204 MP: 18/18
 34523 | Vaults:2 | Learned a level 1 spell: Apportation
 34573 | Vaults:2 | XOM: summons friendly quasit
 34635 | Vaults:2 | Reached skill level 15 in Dodging
 34679 | Vaults:2 | Reached skill level 15 in Armour
 34984 | Vaults:2 | XOM: confusion (+ monsters)
 35299 | Vaults:2 | Got an ichor-stained executioner's axe
 35300 | Vaults:2 | Identified the +9 executioner's axe of Resourcefulness {freeze, rC+ rN+ MR++ Stlth-} (You acquired it on level 2 of the Vaults)
 35485 | Vaults:3 | XOM: scenery: 2 doors close
 35491 | Vaults:3 | XOM: cast spell 'Shadow Creatures'
 35516 | Vaults:3 | Found Effuk's General Store.
 35525 | Vaults:3 | Bought a potion of might for 84 gold pieces
 35540 | Vaults:3 | XOM: summons friendly quasit
 35576 | Vaults:3 | Noticed Margery
 35577 | Vaults:3 | XOM: confuse monster(s)
 35582 | Vaults:3 | XOM: blink monster(s)
 35583 | Vaults:3 | XOM: swap monsters
 35596 | Vaults:3 | XOM: divination: detect items
 35605 | Vaults:3 | XOM: summons 10 friendly demons
 35610 | Vaults:3 | Killed Margery
 35796 | Vaults:3 | XOM: 1-stop teleportation journey
 35833 | Vaults:3 | XOM: polymorph ironheart preserver -> storm dragon
 35960 | Vaults:3 | XOM: confuse monster(s)
 35967 | Vaults:3 | XOM: summons friendly quasit
 36010 | Vaults:3 | XOM: summons friendly chaos spawn
 36110 | Vaults:3 | XOM: medium Ice miscast
 36277 | Vaults:3 | Found a staircase to the Crypt.
 36287 | Vaults:3 | Reached XP level 21. HP: 185/213 MP: 18/18
 36332 | Vaults:3 | XOM: medium Ice miscast
 36343 | Vaults:3 | XOM: chaos upgrade
 36413 | Vaults:3 | XOM: summons friendly iron imp
 36462 | Vaults:3 | XOM: noise
 36468 | Vaults:3 | XOM: potion effect (berserk rage)
 36490 | Vaults:3 | Noticed Aizul
 36496 | Vaults:3 | XOM: harmless Tloc miscast
 36499 | Vaults:3 | XOM: harmless Necr miscast
 36502 | Vaults:3 | Killed Aizul
 36623 | Vaults:3 | Found a portal to a secret trove of treasure.
 36669 | Vaults:3 | Noticed GordonOverkill's illusion
 36669 | Vaults:3 | Noticed Mara
 36676 | Vaults:3 | XOM: draining
 36678 | Vaults:3 | XOM: chaos cloud
 36680 | Vaults:3 | Killed Mara
 37193 | Vaults:4 | XOM: harmless Tmut miscast
 37219 | Vaults:4 | XOM: blink monster(s)
 37220 | Vaults:4 | XOM: cast spell 'Summon Small Mammal'
 37244 | Vaults:4 | XOM: confuse monster(s)
 37370 | Vaults:4 | XOM: divination: detect items
 37612 | Vaults:4 | XOM: cast spell 'Leda's Liquefaction'
 37613 | Vaults:4 | XOM: divination: magic mapping
 37721 | Vaults:4 | XOM: cast spell 'Cause Fear'
 37754 | Vaults:4 | XOM: cast spell 'Olgreb's Toxic Radiance'
 37928 | Vaults:4 | XOM: cloud trail
 38051 | Vaults:4 | XOM: cast spell 'Dispersal'
 38077 | Vaults:4 | XOM: confuse monster(s)
 38082 | Vaults:4 | XOM: cleaving
 38243 | Vaults:1 | XOM: harmless Pois miscast
 38329 | Depths:1 | Entered Level 1 of the Depths
 38330 | Depths:1 | Found a one-way gate to the infinite horrors of the Abyss.
 38331 | Depths:1 | Noticed Zigma's ghost (adept DrTm)
 38345 | Depths:1 | Killed Zigma's ghost
 38350 | Depths:1 | XOM: swap monsters
 38352 | Depths:1 | XOM: fog
 38363 | Depths:1 | XOM: fog
 38384 | Depths:1 | Noticed Asterion
 38386 | Depths:1 | XOM: divination: detect creatures
 38394 | Depths:1 | Killed Asterion
 38399 | Depths:1 | XOM: fog
 38581 | Depths:1 | XOM: scenery: create altars
 38632 | Depths:1 | Found a gateway to Hell.
 38660 | Depths:1 | Found a gateway to a ziggurat.
 38717 | Depths:1 | XOM: summons 5 friendly demons
 38797 | Depths:1 | Noticed Nikola
 38806 | Depths:1 | Killed Nikola
 38939 | Depths:1 | XOM: god gift: weird jewelled staff {god gift}
 39043 | Depths:1 | Found a runed gate.
 39043 | Depths:1 | Found a runed gate.
 39043 | Depths:1 | Found a runed gate.
 39129 | Depths:1 | XOM: confuse monster(s)
 39130 | Depths:1 | Reached XP level 22. HP: 222/222 MP: 19/19
 39280 | Depths:1 | XOM: god gift: 2 fruits
 39291 | Depths:1 | XOM: potion effect (brilliance)
 39301 | Depths:1 | Found Haenkek's Gadget Shoppe.
 39302 | Depths:1 | Found Emymenk's Jewellery Boutique.
 39303 | Depths:1 | Found Qygihic's Gadget Shoppe.
 39428 | Depths:1 | XOM: cleaving
 39429 | Depths:1 | XOM: cast spell 'Summon Small Mammal'
 39588 | Depths:1 | XOM: divination: detect creatures
 39703 | Depths:2 | XOM: noise
 39868 | Depths:2 | XOM: mild Tloc miscast
 40083 | Depths:2 | XOM: cast spell 'Cause Fear'
 40086 | Depths:2 | XOM: summons friendly ufetubus
 40201 | Depths:2 | XOM: harmless Summ miscast
 40337 | Depths:2 | Found a runed door.
 40354 | Depths:2 | XOM: blink monster(s)
 40365 | Depths:2 | XOM: scenery: create altars
 40449 | Depths:2 | XOM: cast spell 'Call Canine Familiar'
 40608 | Depths:2 | Found a hide-covered altar of Uskayaw.
 40608 | Depths:2 | Noticed a caustic shrike
 40613 | Depths:3 | Killed a caustic shrike
 40638 | Depths:2 | Noticed a caustic shrike
 40643 | Depths:3 | XOM: noise
 40646 | Depths:3 | Killed a caustic shrike
 40711 | Depths:2 | XOM: potion effect (brilliance)
 40712 | Depths:2 | XOM: divination: detect creatures
 40715 | Depths:2 | XOM: cast spell 'Summon Small Mammal'
 40778 | Depths:2 | Noticed a caustic shrike
 40782 | Depths:2 | XOM: potion effect (haste)
 40785 | Depths:2 | Killed a caustic shrike
 40789 | Depths:2 | XOM: mild Summ miscast
 40865 | Depths:2 | XOM: harmless Erth miscast
 40943 | Depths:3 | XOM: harmless Chrm miscast
 41126 | Depths:3 | Found Gozag's Antique Weapon Boutique.
 41131 | Depths:3 | Found Qekes's Island Escapes.
 41141 | Depths:3 | Noticed a golden dragon
 41141 | Depths:3 | Found an opulent altar of Gozag.
 41162 | Depths:3 | Bought a bone broad axe for 900 gold pieces
 41162 | Depths:3 | Found Gozag's Assorted Antiques.
 41166 | Depths:3 | Identified the +3 broad axe of Skirmishing {holy, rElec Str+3 Dex-2} (You bought it in a shop on level 3 of the Depths)
 41179 | Depths:3 | Found Gozag's Antique Weapon Shop.
 41184 | Depths:3 | Noticed kaze's ghost (veteran GrEE)
 41200 | Depths:3 | Killed kaze's ghost
 41208 | Depths:3 | Bought 2 potions of curing for 600 gold pieces
 41208 | Depths:3 | Lost mutation: Your body sometimes deteriorates upon taking damage. [evolution]
 41234 | Depths:3 | Killed a golden dragon
 41411 | Depths:3 | XOM: summons friendly crimson imp
 41417 | Depths:3 | Reached skill level 27 in Axes
 41962 | Depths:4 | Reached XP level 23. HP: 229/229 MP: 20/20
 42037 | Depths:4 | XOM: swap monsters
 42306 | Depths:4 | XOM: 4-stop teleportation journey
 42334 | Depths:4 | XOM: enchant monster (good)
 42336 | Depths:4 | XOM: enchant monster (good)
 42415 | Depths:4 | XOM: god gift: runed glaive {god gift}
 42899 | Depths:5 | Entered Level 5 of the Depths
 42928 | Depths:5 | XOM: enchant monster (bad)
 43290 | Depths:5 | XOM: noise
 43330 | Depths:5 | XOM: noise
 43343 | Depths:5 | XOM: chaos cloud
 43485 | Depths:5 | Noticed Boris
 43485 | Depths:5 | XOM: confusion (+ monsters)
 43487 | Depths:5 | XOM: harmless Conj miscast
 43491 | Depths:5 | XOM: potion effect (brilliance)
 43502 | Depths:5 | Killed Boris
 43554 | Depths:5 | XOM: polymorph storm dragon -> storm dragon
 43564 | Depths:5 | XOM: cast spell 'Summon Mana Viper'
 43577 | Depths:5 | XOM: scenery: 4 doors close
 43606 | Depths:5 | XOM: scenery: 2 doors open
 43623 | Depths:5 | XOM: god gift: 28 stones
 43810 | Depths:5 | Gained mutation: Your flesh is cold resistant. (rC+) [evolution]
 43833 | Depths:5 | XOM: give mutations
 43833 | Depths:5 | Gained mutation: You can translocate small distances at will. [Xom's grace]
 43833 | Depths:5 | Gained mutation: You have a pair of large horns on your head. [Xom's grace]
 43833 | Depths:5 | Gained mutation: You are resistant to hostile enchantments. (MR+) [Xom's grace]
 43833 | Depths:5 | Gained mutation: Your mind is acute. (Int +2) [Xom's grace]
 43862 | Depths:5 | XOM: scenery: 1 fountains blood, 6 doors close
 43863 | Depths:5 | Found a gate to the Realm of Zot.
 43863 | Depths:5 | XOM: 4-stop teleportation journey
 43865 | Depths:5 | XOM: polymorph deep troll earth mage -> fire dragon
 43877 | Depths:5 | XOM: polymorph shadow dragon -> alligator snapping turtle
 43879 | Depths:5 | Reached skill level 27 in Fighting
 43939 | Depths:5 | XOM: 2-stop teleportation journey
 43949 | Depths:5 | Reached XP level 24. HP: 232/249 MP: 20/20
 44008 | Depths:5 | XOM: give mutation
 44008 | Depths:5 | Gained mutation: Your mind is very acute. (Int +4) [Xom's grace]
 44015 | Depths:5 | XOM: confuse monster(s)
 44270 | Depths:5 | XOM: harmless Ice miscast
 44330 | Depths:5 | XOM: enchant monster (good)
 44725 | Elf:1    | Entered Level 1 of the Elven Halls
 44810 | Elf:1    | Found Zeshraeh's Weapon Boutique.
 44828 | Elf:1    | XOM: confuse monster(s)
 44829 | Elf:1    | XOM: enchant monster (good)
 44967 | Elf:1    | Identified the Incunabulum of Evil Magic
 45030 | Elf:1    | XOM: god gift: 25 stones
 45261 | Elf:1    | XOM: scenery: create altars
 45807 | Elf:2    | Found a runed gate.
 45807 | Elf:2    | Found a runed gate.
 45807 | Elf:2    | Found a runed gate.
 45975 | Elf:2    | XOM: summons 16 friendly demons
 46005 | Elf:2    | XOM: god gift: weird runed staff {god gift}
 46089 | Elf:2    | XOM: give mutations
 46089 | Elf:2    | Gained mutation: Your muscles are strong. (Str +2) [Xom's grace]
 46089 | Elf:2    | Gained mutation: You are highly resistant to hostile enchantments. (MR++) [Xom's grace]
 46195 | Elf:2    | XOM: scenery: create altars
 46314 | Elf:3    | Entered Level 3 of the Elven Halls
 46498 | Elf:3    | XOM: 1-stop teleportation journey
 46499 | Elf:3    | XOM: cast spell 'Summon Horrible Things'
 46509 | Elf:3    | XOM: potion effect (agility)
 46510 | Elf:3    | XOM: potion effect (brilliance)
 46976 | Elf:3    | XOM: cast spell 'Call Canine Familiar'
 47103 | Elf:3    | XOM: harmless Hex miscast
 47271 | Elf:3    | Got a coiled graven amulet
 47272 | Elf:3    | Identified the amulet of Wucis {Harm *Drain +Fly Str+4 Dex-5 SInv} (You took it off a deep elf blademaster on level 3 of the Elven Halls)
 47405 | Elf:3    | Identified Sif Muna's Tome of Mutagenic Dark Secrets
 47411 | Elf:3    | Identified Silo's Guide on the Flying Blaze
 47996 | Vaults:5 | Entered Level 5 of the Vaults
 47998 | Vaults:5 | XOM: cast spell 'Leda's Liquefaction'
 48004 | Vaults:4 | XOM: harmless Erth miscast
 48011 | Vaults:4 | Reached XP level 25. HP: 233/257 MP: 20/20
 48015 | Vaults:4 | XOM: enchant monster (bad)
 48030 | Vaults:4 | XOM: noise
 48033 | Vaults:5 | XOM: confuse monster(s)
 48034 | Vaults:5 | Noticed an ancient lich
 48131 | Vaults:4 | XOM: divination: detect creatures
 48139 | Vaults:4 | XOM: summons friendly white imp
 48156 | Vaults:4 | Killed an ancient lich
 48222 | Vaults:5 | XOM: summons friendly white imp
 48439 | Vaults:5 | XOM: noise
 48455 | Vaults:5 | XOM: cast spell 'Summon Horrible Things'
 48503 | Vaults:4 | XOM: mild Hex miscast
 48563 | Vaults:5 | XOM: confusion
 48579 | Vaults:4 | Got a translucent garnet amulet
 48631 | Vaults:5 | XOM: stat loss: -1 Str (28/29)
 48641 | Vaults:4 | XOM: chaos cloud
 48730 | Vaults:5 | XOM: blink monster(s)
 48762 | Vaults:5 | XOM: 3-stop teleportation journey
 48765 | Vaults:5 | XOM: enchant monster (bad)
 48783 | Vaults:5 | XOM: summons 4 hostile shadow creatures
 48865 | Vaults:5 | Identified the amulet "Byjesov" {Gourm rF++ rN++ Dex-3} (You took it off a vault sentinel on level 4 of the Vaults)
 48927 | Vaults:5 | Noticed a shard shrike
 48927 | Vaults:5 | a titan changed into a shard shrike
 48927 | Vaults:5 | XOM: polymorph titan -> shard shrike
 48928 | Vaults:5 | XOM: confusion
 48938 | Vaults:5 | XOM: harmless Pois miscast
 48944 | Vaults:5 | Killed a shard shrike
 48965 | Vaults:5 | XOM: summons 6 hostile demons
 48982 | Vaults:5 | XOM: 2-stop teleportation journey
 48988 | Vaults:5 | XOM: enchant monster (bad)
 49033 | Vaults:5 | Noticed an ancient lich
 49033 | Vaults:5 | XOM: confusion
 49042 | Vaults:5 | Killed an ancient lich
 49094 | Vaults:5 | XOM: summons 6 hostile demons
 49125 | Vaults:5 | Found Kysapsou's Book Boutique.
 49212 | Vaults:5 | XOM: swap monsters
 49217 | Vaults:5 | Got a slimy graven amulet
 49229 | Vaults:5 | Identified the amulet of Yrahas {Faith Dex+3} (You took it off a vault warden on level 5 of the Vaults)
 49479 | Vaults:5 | XOM: give mutation
 49479 | Vaults:5 | Lost mutation: Your muscles are strong. (Str +2) [Xom's mischief]
 49577 | Vaults:5 | XOM: mild Summ miscast
 49626 | Vaults:5 | Got a silver rune of Zot
 50108 | Depths:5 | XOM: mild Ice miscast
 50145 | Zot:1    | Entered Level 1 of the Realm of Zot
 50164 | Zot:1    | Reached XP level 26. HP: 235/266 MP: 20/20
 50385 | Zot:1    | XOM: cast spell 'Metabolic Englaciation'
 50407 | Zot:1    | XOM: summons friendly iron imp
 50415 | Zot:1    | XOM: summons friendly shadow imp
 50417 | Zot:1    | XOM: 1-stop teleportation journey
 50420 | Zot:1    | XOM: enchant monster (good)
 50690 | Zot:1    | XOM: chaos upgrade
 50710 | Zot:1    | XOM: blink monster(s)
 50714 | Zot:1    | XOM: enchant monster (bad)
 50724 | Zot:1    | XOM: give mutations
 50724 | Zot:1    | Lost mutation: You are highly resistant to hostile enchantments. (MR++) [Xom's mischief]
 50724 | Zot:1    | Lost mutation: Your flesh is cold resistant. (rC+) [Xom's mischief]
 50969 | Zot:1    | XOM: swap monsters
 51009 | Zot:1    | XOM: summons 1 hostile demon
 51204 | Zot:2    | Noticed Shimatora's ghost (legendary KoBe)
 51214 | Zot:2    | XOM: medium Pois miscast
 51217 | Zot:2    | XOM: harmless Fire miscast
 51222 | Zot:2    | Killed Shimatora's ghost
 51715 | Zot:2    | XOM: summons 2 hostile demons
 51970 | Zot:2    | XOM: harmless Hex miscast
 52045 | Zot:2    | XOM: give mutations
 52045 | Zot:2    | Lost mutation: Your mind is very acute. (Int +4) [Xom's mischief]
 52045 | Zot:2    | Lost mutation: Your magical capacity is very low. (-20% MP) [Xom's mischief]
 52098 | Zot:2    | XOM: severe Tloc miscast
 52098 | Zot:2    | Cast into level 4 of the Abyss (the severe capriciousness of Xom)
 52098 | Abyss:4  | Found a corrupted altar of Lugonu.
 52121 | Zot:2    | Escaped the Abyss
 52145 | Zot:2    | Got a distressingly furry scarf
 52146 | Zot:2    | Identified the scarf of Fedhas's Pride {rElec rN++ rCorr Str-4} (You acquired it on level 2 of the Realm of Zot)
 52163 | Zot:2    | XOM: medium Conj miscast
 52333 | Zot:2    | XOM: give mutations
 52333 | Zot:2    | Lost mutation: Your flesh is heat resistant. (rF+) [Xom's mischief]
 52333 | Zot:2    | Lost mutation: You evolve. [Xom's mischief]
 52333 | Zot:2    | Lost mutation: You passively map a large area around you. [Xom's mischief]
 52333 | Zot:2    | Gained mutation: Scrolls take you a little longer to read. [Xom's mischief]
 52442 | Zot:3    | XOM: divine lightning
 52445 | Zot:3    | XOM: harmless Fire miscast
 52447 | Zot:3    | XOM: summons 1 hostile demon
 52609 | Zot:2    | XOM: harmless Air miscast
 52676 | Zot:3    | XOM: summons friendly crimson imp
 52689 | Zot:3    | XOM: scenery: create altars
 52707 | Zot:3    | XOM: summons 3 friendly demons
 53025 | Zot:3    | Reached XP level 27. HP: 273/273 MP: 23/23
 53149 | Zot:3    | XOM: harmless Necr miscast
 53688 | Zot:3    | XOM: divination: magic mapping
 53755 | Zot:4    | XOM: god gift: 62 gold pieces
 53805 | Zot:4    | XOM: fake destruction
 53815 | Zot:4    | XOM: divination: detect items
 53819 | Zot:4    | XOM: mild Conj miscast
 53863 | Zot:4    | XOM: harmless Tmut miscast
 53865 | Zot:4    | XOM: potion effect (heal wounds)
 53868 | Zot:4    | Reached skill level 27 in Armour
 53992 | Zot:4    | XOM: potion effect (heal wounds)
 53996 | Zot:4    | XOM: potion effect (invisibility)
 54011 | Zot:4    | XOM: god gift: book of Unlife
 54019 | Zot:4    | XOM: harmless Air miscast
 54101 | Zot:4    | XOM: noise
 54242 | Zot:4    | XOM: cast spell 'Olgreb's Toxic Radiance'
 54402 | Zot:5    | Entered Level 5 of the Realm of Zot
 54410 | Zot:5    | XOM: confuse monster(s)
 54444 | Zot:5    | XOM: divination: detect items
 54579 | Zot:5    | XOM: enchant monster (bad)
 55115 | Vaults:3 | You paid a toll of +2 gold dragon scales to enter a treasure trove
 55116 | Trove    | Entered a treasure trove
 55127 | Trove    | Got a transparent lapis lazuli ring
 55130 | Trove    | Identified the ring of Azolulup {*Corrode rN+ Slay+2 SInv} (You found it in a treasure trove)
 55131 | Trove    | Got a flickering steel amulet
 55134 | Trove    | Identified the amulet of Seukeb {Faith +Fly SInv} (You found it in a treasure trove)
 55141 | Trove    | Got a scorched granite ring
 55144 | Trove    | Identified the ring "Jagiraok" {MP+9 SInv} (You found it in a treasure trove)
 55146 | Trove    | Got a scintillating turquoise ring
 55149 | Trove    | Identified the ring "Oxoige" {rC+ EV+4} (You found it in a treasure trove)
 55151 | Trove    | Got a coiled granite ring
 55154 | Trove    | Identified the ring "Foefrad" {EV+3 Str+4} (You found it in a treasure trove)
 55162 | Trove    | Got a fine amber ring
 55165 | Trove    | Identified the ring of the Crown {+Fly Slay+4 Stlth+} (You found it in a treasure trove)
 55169 | Trove    | Got a brightly glowing brass amulet
 55172 | Trove    | Identified the amulet "Dooluw" {Faith Fragile Str+6} (You found it in a treasure trove)
 55177 | Trove    | XOM: give mutations
 55177 | Trove    | Lost mutation: Your mind is acute. (Int +2) [Xom's mischief]
 55177 | Trove    | Lost mutation: You are covered in thick fur. (AC +2) [Xom's mischief]
 55178 | Trove    | Lost mutation: Scrolls take you a little longer to read. [potion of mutation]
 55178 | Trove    | Lost mutation: You have large cloven feet. [potion of mutation]
 55178 | Trove    | Lost mutation: Your magical capacity is low. (-10% MP) [potion of mutation]
 55178 | Trove    | Lost mutation: You are resistant to hostile enchantments. (MR+) [potion of mutation]
 55178 | Trove    | Lost mutation: You have a somewhat thin skeletal structure. (Dex +2, Stealth) [potion of mutation]
 55178 | Trove    | Lost mutation: You have a pair of large horns on your head. [potion of mutation]
 55178 | Trove    | Gained mutation: You are covered in thick fur. (AC +2) [potion of mutation]
 55178 | Trove    | Gained mutation: Your thick and shaggy fur keeps you warm. (AC +3, rC+) [potion of mutation]
 55759 | Zot:5    | XOM: enchant monster (good)
 55760 | Zot:5    | XOM: potion effect (berserk rage)
 55771 | Zot:5    | XOM: confuse monster(s)
 55773 | Zot:5    | XOM: confuse monster(s)
 55969 | Zot:5    | XOM: enchant monster (bad)
 56035 | Zot:5    | XOM: divination: detect items
 56093 | Zot:5    | XOM: summons 1 hostile demon
 56170 | Zot:5    | XOM: harmless Summ miscast
 56223 | Zot:5    | Noticed an ancient lich
 56224 | Zot:5    | XOM: cleaving
 56239 | Zot:5    | Killed an ancient lich
 56405 | Zot:5    | XOM: harmless Tmut miscast
 56411 | Zot:5    | XOM: cast spell 'Summon Small Mammal'
 56422 | Zot:5    | XOM: silly message
 56429 | Zot:5    | Noticed an orb of fire
 56432 | Zot:5    | Gained mutation: Armour fits poorly on your strangely shaped body. [an orb of fire]
 56440 | Zot:5    | Gained mutation: You occasionally shout uncontrollably at your foes. [an orb of fire]
 56441 | Zot:5    | Killed an orb of fire
 56477 | Zot:5    | Noticed an ancient lich
 56500 | Zot:5    | Killed an ancient lich
 56517 | Zot:5    | XOM: confuse monster(s)
 56542 | Zot:5    | Noticed an ancient lich
 56550 | Zot:5    | Killed an ancient lich
 56608 | Zot:5    | XOM: divine lightning
 56613 | Zot:5    | XOM: destruction
 56637 | Zot:5    | XOM: enchant monster (good)
 56648 | Zot:5    | XOM: give mutations
 56648 | Zot:5    | Lost mutation: Your thick and shaggy fur keeps you warm. (AC +3, rC+) [Xom's mischief]
 56648 | Zot:5    | Lost mutation: You occasionally shout uncontrollably at your foes. [Xom's mischief]
 56648 | Zot:5    | Lost mutation: You are mostly covered in iridescent scales. (AC +4) [Xom's mischief]
 56659 | Zot:5    | Noticed an ancient lich
 56690 | Zot:5    | Noticed an orb of fire
 56691 | Zot:5    | XOM: chaos cloud
 56694 | Zot:5    | Noticed an ancient lich
 56694 | Zot:5    | Noticed an orb of fire
 56695 | Zot:5    | XOM: stat loss: -1 Dex (14/15)
 56698 | Zot:5    | Killed an orb of fire
 56707 | Zot:5    | Killed an ancient lich
 56711 | Zot:5    | Killed an orb of fire
 56717 | Zot:5    | Killed an ancient lich
 56741 | Zot:5    | XOM: harmless Conj miscast
 56750 | Zot:5    | Noticed an orb of fire
 56757 | Zot:5    | XOM: polymorph Orb Guardian -> quicksilver dragon
 56760 | Zot:5    | Gained mutation: You are weak. (Str -2) [an orb of fire]
 56761 | Zot:5    | Killed an orb of fire
 56848 | Zot:5    | Got the Orb of Zot
 56878 | Zot:5    | XOM: give mutations
 56878 | Zot:5    | Lost mutation: You are weak. (Str -2) [Xom's mischief]
 56878 | Zot:5    | Gained mutation: Scrolls take you a little longer to read. [Xom's mischief]
 56878 | Zot:5    | Lost mutation: Scrolls take you a little longer to read. [Xom's mischief]
 56918 | Zot:5    | Noticed an ancient lich
 56918 | Zot:5    | XOM: give mutation
 56921 | Zot:5    | XOM: smoke on damage
 56931 | Zot:5    | XOM: severe Pois miscast
 56938 | Zot:5    | Killed an ancient lich
 56955 | Zot:5    | XOM: mild Summ miscast
 56977 | Zot:5    | XOM: potion effect (curing)
 56979 | Zot:5    | XOM: potion effect (might)
 57026 | Zot:3    | XOM: noise
 57166 | Zot:3    | XOM: potion effect (agility)
 57167 | Zot:3    | Gained mutation: You occasionally shout uncontrollably at your foes. [a cacodemon]
 57172 | Zot:3    | XOM: harmless Summ miscast
 57227 | Zot:3    | XOM: mild Hex miscast
 57229 | Zot:2    | Lost mutation: You are partially covered in iridescent scales. (AC +2) [potion of mutation]
 57229 | Zot:2    | Lost mutation: Armour fits poorly on your strangely shaped body. [potion of mutation]
 57229 | Zot:2    | Lost mutation: You occasionally shout uncontrollably at your foes. [potion of mutation]
 57229 | Zot:2    | Lost mutation: You can translocate small distances at will. [potion of mutation]
 57229 | Zot:2    | Gained mutation: You are somewhat resistant to further mutation. [potion of mutation]
 57403 | Depths:3 | XOM: confusion
 57412 | Depths:3 | XOM: fog
 57438 | Depths:2 | XOM: medium Fire miscast
 57621 | D:11     | Noticed Caidar the pandemonium lord
 57621 | D:11     | XOM: swap monsters
 57631 | D:11     | Killed Caidar the pandemonium lord
 57645 | D:10     | XOM: harmless Hex miscast
 57675 | D:10     | Noticed Biydieth the pandemonium lord
 57678 | D:10     | Killed Biydieth the pandemonium lord
 57733 | D:10     | Noticed Lodios the pandemonium lord
 57733 | D:10     | XOM: chaos cloud
 57826 | D:6      | XOM: stat loss: -1 Int (10/12)
 57948 | D:2      | Reached skill level 27 in Dodging
 57999 | D:$      | Escaped with the Orb!

Vault maps used:
D:1:      mushboom_english_gardens
D:2:      cheibriados_altar_1
D:3:      nicolae_overflow_crystal_walls, first_bread
D:4:      lemuel_blue_sif_altar, led_xom_imps,
          hangedman_abyss_or_decor_jellyfish_corner, tgw_trog, uniq_edmund,
          uniq_crazy_yiuf_cottage
D:5:      minmay_temple_entry_poolview, evilmike_ruin_ashenzari, uniq_eustachio
D:6:      gammafunk_temple_overflow_forgotten, minmay_splitting_lines,
          uniq_prince_ribbit1
D:7:      serial_shops, shop, uniq_joseph
D:8:      due_lair_maze_entry_diamond, uniq_grum
D:9:      gammafunk_temple_overflow_wave
D:10:     orc_0_dummy, serial_shops, shop_coins, the_bakery
D:11:     lab_entry_generic, hangedman_misty_isle
D:13:     erik_vaults_1, sword_in_stone
D:14:     grunt_decor_fettered, wad_scary_box
D:15:     grunt_enter_depths_snipers, nicolae_dithmenos_shadow_blocks
Lair:1:   beast_lair_carwin_2
Lair:2:   minmay_snake_entry_six_corridors, beast_lair_carwin_3
Lair:3:   pond_and_an_island_with_a_cottage, swamp_mist, beast_lair_carwin_1,
          grunt_megastairs_3, uniq_snorg, uniq_harold
Lair:4:   beast_lair_carwin_7, serial_bayou_shore_b, serial_bayou_shore_b
Lair:5:   minmay_slime_entry_oklob_enclosed
Lair:6:   minmay_lair_end_frog_pond, lemuel_fruit_tree,
          infiniplex_staircase_pool
Swamp:1:  evilmike_swamp_ruin_wall
Swamp:2:  evilmike_swamp_ruin_house_2
Swamp:3:  nicolae_swamp_trees_clearing
Swamp:4:  swamp
Snake:1:  portal_ice_cave_entry_dragon
Snake:2:  hangedman_snake_pattern
Snake:3:  basic_altar, serial_bayou_shore_a, minmay_shoptagon,
          grunt_megastairs_2, uniq_bai_suzhen, uniq_jorgrun
Snake:4:  snake_pit, serial_shops, shop_fountains, shop, shop, shop_fountains,
          uniq_vashnia
Orc:1:    statue_in_the_mist_lemuel, elves_outpost_lemuel, uniq_urug
Orc:2:    pf_orc_diabolical, serial_shops, shop
Elf:1:    eino_elf_arrival_the_gate, serial_shops, shop, minmay_elf_necromancy,
          serial_sigils_hangedman_quiver
Elf:3:    elf_hall
Vaults:1: ontoclasm_vaults_ring_square, hangedman_vaults_locks,
          grunt_tower_of_power, nicolae_vaults_stairing_the_circle,
          hangedman_vaults_hat, vaults_standard_mumra_enter_the_diamond,
          v_pattern_5, dpeg_vaults_monster_row, ontoclasm_vaults_gateway,
          uniq_donald
Vaults:2: hangedman_vaults_stagger, ontoclasm_vaults_chip,
          nicolae_vaults_ninety_degrees, dpeg_vaults_monster_box,
          nicolae_vaults_circle_grid_a, hangedman_vaults_corner_blocks,
          vaults_dpeg_diagonal, st_more_cells, v_misc_5,
          vaults_dpeg_encased_lava, nicolae_vaults_border_crossing
Vaults:3: grunt_vaults_diagonal, vaults_room_hallway, v_misc_14,
          nicolae_vaults_what_the_h, minmay_crypt_entry_simple_round,
          vaults_mumra_hexcomb, v_alt_pattern_2,
          hangedman_vaults_stretched_pinwheel, v_misc_31,
          nicolae_trove_entry_path_of_doom, serial_shops, shop_statue,
          uniq_mara, uniq_margery, uniq_aizul
Vaults:4: v_rooms_5, vaults_room_door_hall, hangedman_vaults_snaps, v_misc_26,
          nicolae_vaults_asterisk, v_misc_25, grunt_vaults_trifunnel,
          vaults_room_corners, v_alt_pattern_3, vaults_dpeg_cross,
          ontoclasm_vaults_ring_square, stair_cage_open,
          nicolae_vaults_statue_guard, mu_enter_wizlab_5
Vaults:5: serial_shops
Depths:1: enter_ziggurat_b, abyss_entry, grunt_hell_horde, grunt_ministairs_14,
          nicolae_wwwww, pandoras_box_mu, minmay_shop_grove, uniq_asterion,
          uniq_nikola
Depths:2: regret_index_uskayaw_diablada_macabre, minmay_room_of_horrors,
          grunt_hell_entry_dis_mu, pan_entry, minmay_hidden_floor,
          infiniplex_staircase_diamond
Depths:3: kennysheep_gozag_temple, grunt_pan_entry_spiral, hell_entry,
          nicolae_island_escapes
Depths:4: evilmike_lava_path, abyss_entry, infiniplex_staircase_squiggle,
          hell_entry, minmay_misc_feat_four_crosses, kennysheep_random_hallway
Depths:5: grunt_runaround, abyss_entry, hell_entry, serial_shops, uniq_boris
Zot:1:    hangedman_zot_wheel_spokes
Zot:3:    grunt_ministairs_14, hangedman_zot_decor_scrapings
Zot:4:    kennysheep_ambush_hall
Zot:5:    guppyfry_library_mini
Abyss:4:  evilmike_abyss_exit_glass, nicolae_abyss_rune_star_stuff
Lab:      labyrinth_watery
Trove:    trove_jewel_1
IceCv:    ice_cave_small_demon

Skill      XL: |  1  2  3  4  5  6  7  8  9 10 11 12 13 14 15 16 17 18 19 20 21 22 23 24 25 26 27 |
---------------+----------------------------------------------------------------------------------+-----
Axes           | 4 5 7 8 10 12 14 15 16 18 20 24 27 | 27.0
Fighting       | 4 5 7 8 9 10 11 12 13 17 21 23 24 27 | 27.0
Dodging        | 2 3 4 5 7 8 9 10 13 14 15 16 20 27 | 27.0
Armour         | 3 4 6 7 8 10 11 12 14 16 20 21 25 27 | 27.0
Shields        | 1 2 3 4 6 10 12 14 15 | 15.8
Evocations     | 1 4 5 |  5.4

Action                   |  1- 3 |  4- 6 |  7- 9 | 10-12 | 13-15 | 16-18 | 19-21 | 22-24 | 25-27 || total
-------------------------+-------+-------+-------+-------+-------+-------+-------+-------+-------++-------
Melee: Hand axe          |    59 |   204 |     1 |       |       |       |       |       |       ||   264
       Headbutt          |    13 |    34 |    55 |   155 |   390 |   328 |   288 |   307 |   382 ||  1952
       Flail             |       |       |   170 |       |       |       |       |       |       ||   170
       War axe           |       |       |   115 |   648 |  1419 |   251 |       |       |       ||  2433
       Morningstar       |       |       |       |    12 |    39 |    31 |       |       |       ||    82
       Broad axe         |       |       |       |       |       |   946 |   686 |       |       ||  1632
       Unarmed           |       |       |       |       |       |       |     1 |       |     1 ||     2
       Executioner's axe |       |       |       |       |       |       |   385 |  1216 |  1389 ||  2990
Throw: Stone             |     1 |     9 |     1 |     5 |       |       |       |       |       ||    16
 Abil: Evoke Berserk Rag |       |       |       |     1 |     5 |     1 |     2 |     1 |       ||    10
       Blink             |       |       |       |       |       |       |       |       |     7 ||     7
Evoke: Wand              |       |     3 |     2 |       |       |     2 |       |       |    17 ||    24
       Lightning rod     |       |       |       |       |       |     1 |     1 |     2 |       ||     4
  Use: Scroll            |       |       |    16 |    17 |     3 |    21 |     7 |    15 |    38 ||   117
       Potion            |       |       |       |     3 |     3 |     4 |       |     5 |    26 ||    41
 Stab: Sleeping          |       |     3 |       |       |       |     2 |     1 |     2 |       ||     8
       Paralysed         |       |     2 |       |     3 |     3 |       |     1 |       |     3 ||    12
       Distracted        |       |     1 |     1 |       |     2 |     3 |     5 |     3 |     1 ||    16
       Confused          |       |     1 |     3 |     4 |     4 |     3 |     6 |     1 |    16 ||    38
       Invisible         |       |       |       |     2 |       |       |       |       |     2 ||     4
       Petrified         |       |       |       |       |       |     3 |       |       |       ||     3
       Petrifying        |       |       |       |       |       |       |       |       |     1 ||     1
  Eat: Chunk             |       |     9 |     8 |    18 |    42 |     9 |    18 |    29 |    17 ||   150
       Fruit             |       |       |       |     8 |       |    10 |     8 |     7 |     8 ||    41
       Royal jelly       |       |       |       |       |       |     6 |     1 |     2 |     3 ||    12
Armor: Leather armour    |    10 |    48 |       |       |       |       |       |       |       ||    58
       Chain mail        |       |    64 |   141 |       |       |       |       |       |       ||   205
       Plate armour      |       |       |    16 |   306 |   375 |    93 |   422 |   729 |   136 ||  2077
       Swamp dragon scal |       |       |       |       |       |   216 |       |       |       ||   216
       Gold dragon scale |       |       |       |       |       |       |       |       |   824 ||   824
Dodge: Dodged            |    39 |    80 |   121 |   285 |   332 |   399 |   497 |   680 |   926 ||  3359
Block: Buckler           |       |       |    68 |   171 |    13 |       |       |       |       ||   252
       Reflection        |       |       |       |     3 |       |       |       |       |       ||     3
       Shield            |       |       |       |       |   750 |   773 |   417 |       |       ||  1940
